[Event "Titled Tuesday Blitz May 18 2021"]
[White "Jobava, Baadur"]
[Black "Artemiev, Vladislav"]
[WhiteFideId "13601520"]
[BlackFideId "24101605"]
[WhiteElo "2748"]
[BlackElo "2783"]
[Result "0-1"]
[Round "08"]
[TimeControl "180+1"]
[Date "2021.05.18"]
[WhiteClock "0:00:01"]
[BlackClock "0:00:11"]

1. d4 d5 2. c4 c6 3. Nf3 Nf6 4. Nc3 e6 5. Bg5 Nbd7 6. cxd5 exd5 7. e3 Be7 8. Qc2 Nh5 9. h4 h6 10. Bf4 Nxf4 11. exf4 O-O 12. Bd3 Bd6 13. g3 Re8+ 14. Kf1 c5 15. Nb5 Qb6 16. Kg2 c4 17. Bh7+ Kf8 18. Nc3 Nf6 19. Rhe1 Be6 20. Rab1 Bb4 21. a3 Bxc3 22. bxc3 Qc7 23. Ne5 b6 24. Re2 g6 25. Bxg6 fxg6 26. Nxg6+ Kg7 27. Rbe1 Qd7 28. Ne5 Bh3+ 29. Kh2 Ng4+ 30. Nxg4 Bxg4 31. Re5 Rxe5 32. Rxe5 Re8 0-1


[Site "https://www.chess.com"]

[Event "Titled Tuesday Blitz May 18 2021"]
[White "Pantsulaia, Levan"]
[Black "Martirosyan, Haik M."]
[WhiteFideId "13602071"]
[BlackFideId "13306553"]
[WhiteElo "2530"]
[BlackElo "2656"]
[Result "1-0"]
[Round "08"]
[TimeControl "180+1"]
[Date "2021.05.18"]
[WhiteClock "0:00:12"]
[BlackClock "0:00:04"]

1. g3 e5 2. Bg2 Nf6 3. c4 Nc6 4. Nc3 Bb4 5. Nd5 a5 6. e3 O-O 7. Ne2 Nxd5 8. cxd5 Ne7 9. O-O c6 10. dxc6 dxc6 11. a3 Bc5 12. Qc2 Bb6 13. Nc3 Bf5 14. Ne4 Qd7 15. b3 Rfe8 16. Bb2 Nd5 17. d3 Bh3 18. Rac1 Bxg2 19. Kxg2 Bxe3 20. Nc5 Qe7 21. Rfe1 Bxc1 22. Qxc1 f6 23. d4 Qf7 24. dxe5 fxe5 25. Bxe5 b6 26. Na4 c5 27. Qc4 Rad8 28. f4 h5 29. h4 Kh7 30. Nxb6 Kg8 31. Na4 Rc8 32. Kh2 Nf6 33. Nb6 Rcd8 34. Qxf7+ Kxf7 35. Nc4 Rd3 36. Nxa5 Ng4+ 37. Kg2 Rd2+ 38. Kf3 Red8 39. Ke4 g6 40. Nc4 R2d3 41. f5 Nf2+ 42. Kf4 Rxb3 43. Kg5 gxf5 44. Kxf5 Rf3+ 45. Bf4 Nd3 46. Rb1 Rd5+ 47. Ke4 Nxf4 48. Kxf3 Ne6 49. Rb7+ Kf6 50. Rb6 Rd3+ 51. Kf2 Rc3 52. Nd6 Ke5 53. Nf7+ Kf5 54. Nh6+ Ke5 55. Nf7+ Kf5 56. g4+ hxg4 57. Nh6+ Ke5 58. Nxg4+ Kf5 59. Ne3+ Ke5 60. h5 Ng5 61. h6 Kf4 62. Nd5+ Kg4 63. Nxc3 1-0


[Site "https://www.chess.com"]

[Event "Titled Tuesday Blitz May 18 2021"]
[White "Remizov, Yaroslav"]
[Black "Sanal, Vahap"]
[WhiteFideId "34134015"]
[BlackFideId "6300545"]
[WhiteElo "2367"]
[BlackElo "2507"]
[Result "0-1"]
[Round "08"]
[TimeControl "180+1"]
[Date "2021.05.18"]
[WhiteClock "0:00:06"]
[BlackClock "0:00:25"]

1. e4 d6 2. d4 Nf6 3. Nc3 e5 4. Nf3 Nbd7 5. g4 d5 6. dxe5 Nxe4 7. Nxd5 c6 8. Ne3 Qa5+ 9. Bd2 Qc7 10. Nf5 Nxd2 11. Qxd2 Nxe5 12. Qe3 Bxf5 13. gxf5 Bd6 14. Nxe5 O-O-O 15. f4 f6 16. Qxa7 Bxe5 17. fxe5 Qxe5+ 18. Be2 Rhe8 19. Qf2 Qxb2 20. O-O Rd2 21. Rae1 Qxc2 22. Bd3 Rxe1 23. Bxc2 Rxf2 24. Kxf2 Re5 25. Rg1 Ra5 26. Bb1 Rb5 27. Bd3 Rd5 28. Ke3 Re5+ 29. Kf4 Re7 30. Bc4 Kc7 31. Bg8 h6 32. Be6 b5 33. Ke4 Kb6 34. Rg2 Ra7 35. Kf4 c5 36. Ke4 c4 37. Kd4 Kc6 38. Bxc4 Ra4 39. Rc2 Kd6 40. Kd3 bxc4+ 41. Kd4 h5 42. h4 Ke7 43. Rxc4 Rxa2 44. Rc7+ Kf8 45. Rc8+ Kf7 46. Rc7+ Kg8 47. Kd5 Re2 48. Kd6 Re5 49. Rc8+ Kh7 50. Rc5 Re4 51. Rd5 Rxh4 52. Ke6 Re4+ 53. Kf7 Re5 54. Rd1 Rxf5 55. Rg1 Rg5 56. Rh1 f5 57. Ke6 Kg6 58. Rh4 Rg4 59. Rh1 Re4+ 0-1


[Site "https://www.chess.com"]

[Event "Titled Tuesday Blitz May 18 2021"]
[White "Salem, A.R. Saleh"]
[Black "Indjic, Aleksandar"]
[WhiteFideId "9301348"]
[BlackFideId "911925"]
[WhiteElo "2659"]
[BlackElo "2643"]
[Result "1-0"]
[Round "08"]
[TimeControl "180+1"]
[Date "2021.05.18"]
[WhiteClock "0:00:06"]
[BlackClock "0:00:04"]

1. d4 Nf6 2. c4 c5 3. d5 e6 4. Nc3 exd5 5. cxd5 d6 6. Nf3 g6 7. e3 Bg7 8. Bd3 O-O 9. O-O Bg4 10. h3 Bxf3 11. Qxf3 a6 12. a4 Nbd7 13. Qe2 Ne8 14. Bd2 Nc7 15. Rfd1 Rb8 16. a5 Re8 17. Bc2 b5 18. axb6 Rxb6 19. Ra2 h5 20. Ne4 Qe7 21. Ba5 Rb7 22. Bxc7 Rxc7 23. Rxa6 Rb8 24. Nxd6 Nb6 25. Nf5 Qe5 26. d6 Rcb7 27. Ne7+ Rxe7 28. dxe7 Qxe7 29. Qb5 Qc7 30. Be4 h4 31. b3 Nd5 32. Qc4 Nc3 33. Rd3 Rb4 34. Rxc3 Rxc4 35. Rxc4 Bf8 36. Bd5 Qe5 37. Rxg6+ Bg7 38. Rcg4 Qa1+ 39. Kh2 Qe5+ 40. f4 Qxd5 41. Rxg7+ Kf8 42. Rh7 Qxb3 43. Rhxh4 c4 44. f5 c3 45. Rh8+ Ke7 46. Rc8 Qb5 47. Rgc4 Qe5+ 48. Kh1 Qxe3 49. R8c7+ Kf6 50. R7c5 Kg5 51. Rxc3 Qe1+ 52. Kh2 f6 53. Rg3+ Kf4 54. Rf3+ Kg5 55. Rc4 Qe5+ 56. Kg1 Qe1+ 57. Kh2 Qe5+ 58. Kg1 Qe1+ 59. Rf1 Qe3+ 60. Kh1 Kh5 61. Rg4 Qe5 62. Rff4 Qe1+ 63. Kh2 Qe5 64. Rh4+ Kg5 65. Rg4+ Kh5 66. Kg1 Qe3+ 67. Rf2 Qe1+ 68. Rf1 Qe5 69. Rg6 Qd4+ 70. Kh1 Qe5 71. Rf3 Qe1+ 72. Kh2 Qe5+ 73. Kg1 Qe1+ 74. Rf1 Qe5 75. Kh1 Qd4 76. Rg1 Qe5 77. g4+ Kh4 78. Rh6+ Kg5 79. Rg6+ Kf4 80. g5 Qe4+ 81. Rg2 fxg5 82. Rxg5 Qd3 83. Kh2 Qd6 84. f6 Kf3+ 85. R5g3+ Ke4 86. Rf2 Qc5 87. Kg2 Qc6 88. f7 Kd4+ 89. Rgf3 Qg6+ 90. Kh2 Qd6+ 91. Rg3 Qf8 92. Rg8 Qd6+ 93. Kg1 1-0


[Site "https://www.chess.com"]

[Event "Titled Tuesday Blitz May 18 2021"]
[White "Sasikiran, Krishnan"]
[Black "Morefield, Jason"]
[WhiteFideId "5004985"]
[BlackFideId "30920825"]
[WhiteElo "2552"]
[BlackElo "2171"]
[Result "1-0"]
[Round "08"]
[TimeControl "180+1"]
[Date "2021.05.18"]
[WhiteClock "0:00:22"]
[BlackClock "0:00:03"]

1. e4 c5 2. Nf3 d6 3. d4 cxd4 4. Nxd4 Nf6 5. Nc3 Nc6 6. Bg5 e6 7. Qd2 Be7 8. O-O-O a6 9. h4 Nxd4 10. Qxd4 Bd7 11. Kb1 Rc8 12. f3 h5 13. Qd2 b5 14. Ne2 Qc7 15. Nd4 Rb8 16. Bd3 a5 17. Rhe1 b4 18. f4 a4 19. e5 dxe5 20. fxe5 Nd5 21. Bxe7 Kxe7 22. Qg5+ Kf8 23. Be4 Rh6 24. Bxd5 exd5 25. Rf1 Kg8 26. Rf2 Rg6 27. Qf4 Bg4 28. Rdf1 Rb7 29. Qe3 Qc5 30. Re1 Rgb6 31. Rd2 Qe7 32. g3 b3 33. cxb3 axb3 34. axb3 Qd7 35. Qd3 Rb4 36. Qc3 Rxd4 37. Qxd4 Bf5+ 38. Kc1 Rc7+ 39. Kd1 Bg4+ 40. Ree2 Qb5 41. Ke1 Bxe2 42. Rxe2 Qxb3 43. Kf2 Rc2 44. Rxc2 Qxc2+ 45. Kf3 Qb3+ 46. Kf4 g6 47. Qc3 Qa4+ 48. b4 Qd1 49. Kg5 Qg4+ 50. Kh6 Qd7 51. Qd4 Qd8 52. b5 Qf8+ 53. Kg5 Qe7+ 54. Kf4 Qd7 55. b6 Qc6 56. Qb4 Qc1+ 57. Kf3 Qf1+ 58. Ke3 Qg1+ 59. Kd3 Qd1+ 60. Ke3 Qc1+ 61. Kd4 Qd1+ 62. Kc5 Qc2+ 63. Kd6 Qc8 64. b7 Qb8+ 65. Kxd5 Kg7 66. Kc6 Qd8 67. Qd6 Qa5 68. b8=Q Qa4+ 69. Kc7 Qa5+ 70. Kd7 Qa4+ 71. Ke7 1-0


[Site "https://www.chess.com"]

[Event "Titled Tuesday Blitz May 18 2021"]
[White "Terry, Renato"]
[Black "Oparin, Grigoriy"]
[WhiteFideId "3803457"]
[BlackFideId "24125890"]
[WhiteElo "2581"]
[BlackElo "2628"]
[Result "1/2-1/2"]
[Round "08"]
[TimeControl "180+1"]
[Date "2021.05.18"]
[WhiteClock "0:00:04"]
[BlackClock "0:00:03"]

1. d4 Nf6 2. Nf3 b6 3. g3 Bb7 4. Bg2 e6 5. c4 Bb4+ 6. Bd2 Be7 7. O-O O-O 8. Bg5 d6 9. Nc3 Ne4 10. Bxe7 Qxe7 11. Qc2 Nxc3 12. Qxc3 Nd7 13. Rfe1 Be4 14. Bh3 c5 15. Rad1 Rfd8 16. Qe3 Bg6 17. d5 e5 18. Nh4 Nf6 19. f4 Be4 20. f5 b5 21. b3 bxc4 22. bxc4 Rab8 23. Qc3 Rb6 24. Nf3 Bxf3 25. exf3 h6 26. f4 Nd7 27. f6 gxf6 28. Bf5 Nf8 29. Qf3 Ng6 30. Qg4 Kh8 31. Bxg6 Rg8 32. Qh5 fxg6 33. Qxh6+ Qh7 34. Qxh7+ Kxh7 35. fxe5 fxe5 36. Rd3 Kg7 37. Ra3 a6 38. Re2 Rf8 39. Kg2 g5 40. h3 Kg6 41. Rb3 Rxb3 42. axb3 Rb8 43. Ra2 Rxb3 44. Rxa6 Kf5 45. Rxd6 Rb2+ 46. Kf3 e4+ 47. Ke3 Rb3+ 48. Kf2 Rf3+ 49. Kg2 Rc3 50. g4+ Ke5 51. Re6+ Kd4 52. d6 Rd3 53. d7 Ke3 54. Re5 Rxd7 55. Rxc5 Kd2 56. Rd5+ Rxd5 57. cxd5 e3 58. d6 e2 59. d7 e1=Q 60. d8=Q+ Kc2 61. Qxg5 Qe2+ 62. Kg3 Qe1+ 63. Kf4 Qf1+ 64. Ke5 Qxh3 65. Qf5+ Kd1 66. g5 Qc3+ 67. Ke6 Qc6+ 68. Kf7 Qc7+ 69. Kg6 Qc6+ 70. Qf6 Qe4+ 71. Kg7 Qb7+ 72. Qf7 Qb2+ 73. Kg8 Qb8+ 74. Kh7 Qh2+ 75. Kg7 Qb2+ 76. Qf6 Qb7+ 77. Kg6 Qe4+ 78. Qf5 Qe8+ 79. Kg7 Qe7+ 80. Kh6 Qe3 81. Qd5+ Ke1 82. Qh1+ Kf2 83. Qh2+ Kf1 84. Qh1+ Kf2 85. Qh4+ Kf1 86. Qg4 Qd2 87. Kh5 Qd5 88. Qf4+ Kg2 89. Kh6 Qe6+ 90. g6 Qa6 91. Kh7 Qd3 92. Qf7 Kh3 93. Qf6 Kg4 94. Kh6 Qd2+ 95. Kh7 Qd3 96. Qe6+ Kg5 97. Qe5+ Kh4 98. Qf6+ Kh5 99. Qe5+ Kh4 100. Qe6 Kg5 101. Qf7 Qe4 102. Qg7 Qd3 103. Qf7 Qe4 104. Kg7 Qe5+ 105. Kg8 Qb8+ 106. Kh7 Qh2+ 107. Kg8 Qb8+ 108. Kg7 Qe5+ 109. Kh7 Qh2+ 110. Kg8 Qb8+ 1/2-1/2


[Site "https://www.chess.com"]

[Event "Titled Tuesday Blitz May 18 2021"]
[White "Van Foreest, Jorden"]
[Black "Nesterov, Arseniy"]
[WhiteFideId "1039784"]
[BlackFideId "24198455"]
[WhiteElo "2622"]
[BlackElo "2441"]
[Result "1-0"]
[Round "08"]
[TimeControl "180+1"]
[Date "2021.05.18"]
[WhiteClock "0:00:14"]
[BlackClock "0:00:14"]

1. e4 e5 2. Nf3 Nc6 3. d4 exd4 4. Nxd4 Bc5 5. Be3 Qf6 6. c3 Nge7 7. g3 d5 8. Bg2 dxe4 9. O-O Nxd4 10. cxd4 Bb6 11. Nc3 O-O 12. Nxe4 Qg6 13. Nc5 c6 14. Qb3 Nf5 15. Rfe1 Nxe3 16. Rxe3 Qd6 17. Qc3 Bxc5 18. dxc5 Qc7 19. h4 Be6 20. Re5 h6 21. b4 Rfe8 22. a4 Bd7 23. Rxe8+ Rxe8 24. Rd1 Be6 25. b5 Rc8 26. Be4 Qe7 27. Qe5 f6 28. Qd6 Qxd6 29. Rxd6 Bb3 30. bxc6 bxc6 31. a5 Bd5 32. Bxd5+ cxd5 33. Rxd5 Rc6 34. h5 Ra6 35. Rd8+ Kh7 36. Rd1 Rxa5 37. Rc1 Rb5 38. c6 Rb8 39. Kg2 Rc8 40. Kf3 Kg8 41. Ke4 Kf7 42. Kd5 a5 43. c7 Ke7 44. Kc6 a4 45. Kb7 Rf8 46. c8=Q Rxc8 47. Kxc8 Ke6 48. Ra1 Kf5 49. Rxa4 Kg5 50. Ra7 f5 51. Rxg7+ Kxh5 52. Kd7 f4 53. gxf4 Kh4 54. f5 h5 55. f6 Kh3 56. f7 h4 57. f8=Q Kh2 58. Qf4+ Kh3 59. Qg4+ Kh2 60. Qxh4# 1-0


[Site "https://www.chess.com"]

[Event "Titled Tuesday Blitz May 18 2021"]
[White "ViditYT"]
[Black "Karthikeyan, Murali"]
[BlackFideId "5074452"]
[WhiteElo "2937"]
[BlackElo "2564"]
[Result "0-1"]
[Round "08"]
[TimeControl "180+1"]
[Date "2021.05.18"]
[WhiteClock "0:00:04"]
[BlackClock "0:00:03"]

1. d4 Nf6 2. c4 e6 3. Nf3 Nc6 4. Nc3 Bb4 5. Qc2 d6 6. Bd2 a5 7. a3 Bxc3 8. Bxc3 Qe7 9. e3 e5 10. d5 Nb8 11. Nd2 c6 12. dxc6 Nxc6 13. Be2 O-O 14. O-O Be6 15. Rfd1 Rac8 16. e4 Rfd8 17. Qd3 a4 18. Qc2 Ra8 19. Nf1 Nd7 20. Ne3 Nc5 21. Rab1 Rac8 22. Nd5 Bxd5 23. Rxd5 Nb3 24. Rbd1 Ncd4 25. Qd3 Rc5 26. Bf1 Qc7 27. Qe3 Rb8 28. f4 f6 29. g3 b5 30. cxb5 Rxd5 31. exd5 Nxb5 32. fxe5 fxe5 33. Bxb5 Rxb5 34. Qe4 Nc5 35. Qf5 Rb8 36. Rf1 Qd7 37. Qf3 h6 38. Bb4 Rc8 39. Bxc5 Rxc5 40. Qf8+ Kh7 41. Rf7 Qg4 42. Qxd6 Rc1+ 43. Kg2 Rc2+ 44. Rf2 Qe4+ 45. Kg1 Rc1+ 46. Rf1 Qe3+ 47. Kg2 Qe4+ 48. Kg1 Rc2 49. Rf2 Qe1+ 50. Rf1 Qe3+ 51. Kh1 Qe2 0-1


[Site "https://www.chess.com"]

[Event "Titled Tuesday Blitz May 18 2021"]
[White "Zhigalko, Sergei"]
[Black "Timmermans, Mark"]
[WhiteFideId "13502956"]
[BlackFideId "1026399"]
[WhiteElo "2662"]
[BlackElo "2460"]
[Result "0-1"]
[Round "08"]
[TimeControl "180+1"]
[Date "2021.05.18"]
[WhiteClock "0:00:02"]
[BlackClock "0:00:12"]

1. e4 e5 2. Nf3 Nc6 3. Bc4 Nf6 4. d3 Be7 5. O-O O-O 6. Nbd2 d6 7. c3 Kh8 8. Re1 Ng8 9. d4 exd4 10. cxd4 Bg4 11. h3 Bh5 12. Qc2 Bg6 13. Qd1 Nf6 14. Bb3 d5 15. e5 Ne4 16. Bc2 f5 17. Nb3 Nb4 18. Bb1 a5 19. a3 Nc6 20. Bf4 Qd7 21. Qd3 Nd8 22. Bc2 Ne6 23. Bh2 f4 24. Qe2 Bh5 25. Bxe4 dxe4 26. Qxe4 a4 27. Nbd2 c6 28. Rac1 Ra5 29. Rc4 Rb5 30. Qc2 Rd5 31. Rxa4 b5 32. Ra6 Nxd4 33. Nxd4 Rxd4 34. Nf1 Rc4 35. Qd2 Qb7 36. Qa5 Ra4 37. Rb6 Qc7 38. Qxa4 bxa4 39. Ra6 Bc5 40. Rxa4 f3 41. e6 Bxf2+ 42. Kxf2 fxg2+ 43. Kxg2 Bf3+ 44. Kg1 Qb6+ 45. Re3 Qxb2 46. e7 Qg2# 0-1


[Site "https://www.chess.com"]

[Event "Titled Tuesday Blitz May 18 2021"]
[White "Abdusattorov, Nodirbek"]
[Black "Kovalev, Vladislav"]
[WhiteFideId "14204118"]
[BlackFideId "13504398"]
[WhiteElo "2662"]
[BlackElo "2573"]
[Result "1/2-1/2"]
[Round "09"]
[TimeControl "180+1"]
[Date "2021.05.18"]
[WhiteClock "0:00:08"]
[BlackClock "0:00:03"]

1. e4 e5 2. Nf3 Nc6 3. Bb5 a6 4. Bxc6 dxc6 5. O-O f6 6. d4 exd4 7. Nxd4 Bd6 8. Nc3 Ne7 9. Be3 O-O 10. Qe2 Qe8 11. Rad1 Qg6 12. f3 Bd7 13. Nb3 Rae8 14. Bc5 Nc8 15. a4 Be6 16. Bxd6 Nxd6 17. Nc5 Bc4 18. Nd3 f5 19. e5 f4 20. b3 Bxd3 21. Rxd3 Nf5 22. Re1 Ne3 23. Ne4 Rxe5 24. Qd2 Rd5 25. Re2 Rfd8 26. Qc3 Rxd3 27. cxd3 Qf7 28. Rd2 Qd5 29. Qb4 b6 30. Qe7 Qd4 31. Nf2 h6 32. h4 Qa1+ 33. Rd1 Qd4 34. Rc1 Qd6 35. Qxd6 Rxd6 36. Ne4 Rxd3 37. Rxc6 Rxb3 38. Rxc7 Rb1+ 39. Kh2 Rb2 40. Kh3 a5 41. h5 Rxg2 42. Rb7 Rb2 43. Nd6 Rd2 44. Rb8+ Kh7 45. Nf7 g5 46. Rxb6 Rf2 47. Rb7 Rxf3+ 48. Kh2 Ng4+ 49. Kg1 Rg3+ 50. Kf1 Kg8 51. Ra7 f3 52. Nd6 f2 53. Ra8+ Kh7 54. Ra7+ Kh8 55. Ra8+ Kh7 56. Ra7+ Kg8 57. Ra8+ Kh7 1/2-1/2


[Site "https://www.chess.com"]

[Event "Titled Tuesday Blitz May 18 2021"]
[White "Alekseenko, Kirill"]
[Black "Postny, Evgeny"]
[WhiteFideId "4135539"]
[BlackFideId "2804344"]
[WhiteElo "2580"]
[BlackElo "2537"]
[Result "1-0"]
[Round "09"]
[TimeControl "180+1"]
[Date "2021.05.18"]
[WhiteClock "0:01:50"]
[BlackClock "0:00:14"]

1. e4 e5 2. Nf3 Nc6 3. Bc4 Nf6 4. d3 Be7 5. O-O d6 6. a3 O-O 7. Nc3 h6 8. Re1 Be6 9. Nd5 Nd7 10. c3 Nb6 11. Ba2 Bg4 12. h3 Bh5 13. b4 Nxd5 14. Bxd5 a6 15. a4 Bg5 16. Bxg5 hxg5 17. g4 Bg6 18. Qd2 Rb8 19. Qxg5 Qxg5 20. Nxg5 Ne7 21. Bb3 Kh8 22. h4 f6 23. Ne6 Rfc8 24. f4 exf4 25. Nxf4 Bh7 26. h5 g6 27. hxg6 Nxg6 28. Nxg6+ Bxg6 29. Kf2 Kg7 30. Be6 Rh8 31. Rh1 Rxh1 32. Rxh1 a5 33. Ke3 b6 34. b5 Rh8 35. Rxh8 Kxh8 36. Kd4 Kg7 37. Kd5 Be8 38. d4 Kf8 39. e5 Ke7 40. exd6+ cxd6 41. Bf5 Bf7+ 42. Kc6 Bb3 43. Kxb6 Bxa4 44. Kxa5 1-0


[Site "https://www.chess.com"]

[Event "Titled Tuesday Blitz May 18 2021"]
[White "Andreikin, Dmitry"]
[Black "Asis Gargatagli, Hipolito"]
[WhiteFideId "4158814"]
[BlackFideId "2260735"]
[WhiteElo "2782"]
[BlackElo "2557"]
[Result "1-0"]
[Round "09"]
[TimeControl "180+1"]
[Date "2021.05.18"]
[WhiteClock "0:00:16"]
[BlackClock "0:00:08"]

1. e4 e5 2. Bc4 Nf6 3. Nc3 Bc5 4. d3 O-O 5. Bg5 h6 6. Bh4 Be7 7. Bg3 d6 8. f4 exf4 9. Bxf4 c6 10. Nf3 d5 11. Bb3 Na6 12. exd5 cxd5 13. d4 Nc7 14. O-O Bf5 15. Be5 Bh7 16. Qe2 Bb4 17. Bxf6 Qxf6 18. Nxd5 Nxd5 19. Bxd5 Qd6 20. Bb3 Rae8 21. Qf2 Kh8 22. c3 Ba5 23. Rae1 f6 24. Bc2 Bc7 25. g3 g6 26. Ba4 Rxe1 27. Rxe1 Bg8 28. Bb3 Bxb3 29. axb3 g5 30. Qe2 Qd5 31. Qe4 Qxe4 32. Rxe4 Rf7 33. d5 Rd7 34. c4 Kg7 35. Nd4 Be5 36. Nf5+ Kg6 37. g4 h5 38. h3 b5 39. c5 hxg4 40. hxg4 1-0


[Site "https://www.chess.com"]

[Event "Titled Tuesday Blitz May 18 2021"]
[White "Artemiev, Vladislav"]
[Black "Sarana, Alexey"]
[WhiteFideId "24101605"]
[BlackFideId "24133795"]
[WhiteElo "2783"]
[BlackElo "2629"]
[Result "1-0"]
[Round "09"]
[TimeControl "180+1"]
[Date "2021.05.18"]
[WhiteClock "0:00:03"]
[BlackClock "0:00:02"]

1. Nf3 d5 2. e3 Nf6 3. c4 e6 4. Nc3 Bd6 5. b3 O-O 6. Bb2 Re8 7. Be2 c6 8. d4 Nbd7 9. O-O dxc4 10. bxc4 e5 11. d5 cxd5 12. cxd5 e4 13. Nd2 Nc5 14. Nc4 Bb8 15. Qd4 b6 16. d6 Ba6 17. Nd5 Bxc4 18. Bxc4 Qxd6 19. Nxf6+ gxf6 20. g3 Bc7 21. Rad1 Qxd4 22. Bxd4 Be5 23. Bxc5 bxc5 24. Rd7 Rf8 25. Rfd1 a5 26. R1d5 Rac8 27. Ra7 Ra8 28. Rxa8 Rxa8 29. Rd7 Rf8 30. Ra7 Bc3 31. Rc7 Bb4 32. Re7 f5 33. Re5 Kg7 34. Rxf5 f6 35. Rd5 Re8 36. Rd7+ Kh6 37. Kg2 f5 38. Rd6+ Kg7 39. Rd7+ Kh6 40. Rc7 Rd8 41. Rc6+ Kg7 42. Be6 Kf6 43. Bb3+ Kg7 44. Rc7+ Kg6 45. h4 Rd2 46. Rc6+ Kg7 47. h5 h6 48. Rg6+ Kh7 49. Bg8+ Kh8 50. Be6 Rc2 51. Rxh6+ Kg7 52. Rg6+ Kh8 53. Rf6 Be1 54. Rxf5 c4 55. h6 Kh7 56. Rf6 c3 57. Bf5+ Kg8 58. h7+ Kg7 59. Rf7+ Kxf7 60. h8=Q Rxf2+ 61. Kh3 Rxf5 62. Qc8 Kg6 63. Qe6+ Rf6 64. Qxe4+ Kg7 65. g4 Rf2 66. Qe5+ Kg6 67. Qe4+ Kg7 68. Qe5+ Kg6 69. Qe6+ Kg7 70. Qe7+ Kg6 71. Qd6+ Kg7 72. g5 c2 73. Qh6+ Kg8 74. Qc6 Kg7 75. Kg4 Bb4 76. Qc7+ Kg8 77. g6 Kf8 78. Kg5 Rg2+ 79. Kf6 Rf2+ 80. Ke6 Rg2 81. Qf7# 1-0


[Site "https://www.chess.com"]

[Event "Titled Tuesday Blitz May 18 2021"]
[White "Baklan, Vladimir"]
[Black "Araujo Sanchez, Josue"]
[WhiteFideId "14102196"]
[BlackFideId "6416896"]
[WhiteElo "2596"]
[BlackElo "2140"]
[Result "1-0"]
[Round "09"]
[TimeControl "180+1"]
[Date "2021.05.18"]
[WhiteClock "0:00:39"]
[BlackClock "0:00:04"]

1. e4 c6 2. d4 d5 3. e5 Bf5 4. Be2 e6 5. Nf3 Nd7 6. O-O h6 7. c3 Ne7 8. Na3 c5 9. dxc5 Nc6 10. b4 a5 11. Nb5 axb4 12. cxb4 Nxb4 13. Nfd4 Nxc5 14. Nxf5 exf5 15. a3 Nc6 16. Qxd5 Ne6 17. Bf3 Qxd5 18. Bxd5 O-O-O 19. Ba2 Ncd4 20. Nxd4 Rxd4 21. Be3 Rd7 22. Ba7 Be7 23. Rfb1 Rc7 24. g3 Rd8 25. Bb6 Rd2 26. Bxe6+ fxe6 27. Bxc7 Kxc7 28. Rc1+ Kb8 29. a4 g5 30. Rab1 Ra2 31. Rc4 Re2 32. a5 Ra2 33. Rb6 Rxa5 34. Rxe6 Bc5 35. Rc2 f4 36. gxf4 gxf4 37. Rf6 Ra4 38. Rxc5 1-0


[Site "https://www.chess.com"]

[Event "Titled Tuesday Blitz May 18 2021"]
[White "Bortnyk, Olexandr"]
[Black "Lysyj, Igor"]
[WhiteFideId "14120828"]
[BlackFideId "4150120"]
[WhiteElo "2723"]
[BlackElo "2660"]
[Result "1-0"]
[Round "09"]
[TimeControl "180+1"]
[Date "2021.05.18"]
[WhiteClock "0:00:21"]
[BlackClock "0:00:14"]

1. e4 e5 2. Nf3 Nc6 3. Bc4 Bc5 4. d4 exd4 5. c3 Nf6 6. b4 Bb6 7. e5 d5 8. Bb5 Ne4 9. cxd4 O-O 10. O-O Nxb4 11. h3 c6 12. Be2 f6 13. a3 Na6 14. Bxa6 bxa6 15. Be3 Be6 16. Nbd2 f5 17. Bf4 c5 18. dxc5 Bxc5 19. Nb3 Bb6 20. Nbd4 Qd7 21. Rc1 Rac8 22. Qd3 Rc4 23. Nxe6 Qxe6 24. Be3 Rfc8 25. Rcd1 Nc3 26. Rd2 d4 27. Bxd4 Rd8 28. Qe3 f4 29. Qe1 Bxd4 30. Rxd4 Rdxd4 31. Nxd4 Qd5 32. e6 Rxd4 33. e7 1-0


[Site "https://www.chess.com"]

[Event "Titled Tuesday Blitz May 18 2021"]
[White "Costachi, Mihnea"]
[Black "Chigaev, Maksim"]
[WhiteFideId "1217518"]
[BlackFideId "4108116"]
[WhiteElo "2479"]
[BlackElo "2646"]
[Result "1-0"]
[Round "09"]
[TimeControl "180+1"]
[Date "2021.05.18"]
[WhiteClock "0:00:08"]
[BlackClock "0:00:08"]

1. d4 Nf6 2. c4 g6 3. Nc3 Bg7 4. e4 d6 5. Be2 O-O 6. Bg5 c5 7. d5 Qb6 8. Qd2 e6 9. Nf3 exd5 10. exd5 Bf5 11. O-O Ne4 12. Nxe4 Bxe4 13. Rae1 Qxb2 14. Qxb2 Bxb2 15. Be7 Re8 16. Bxd6 Nd7 17. Nd2 Bf5 18. g4 Bc2 19. Bf4 Ne5 20. Nb3 b6 21. Bc1 Bc3 22. Bd2 Bxd2 23. Nxd2 g5 24. Rc1 Bd3 25. Bxd3 Nxd3 26. Rc3 Nf4 27. Re3 h6 28. Rfe1 Rxe3 29. Rxe3 Kg7 30. f3 Ng6 31. Kf2 Rd8 32. a4 Rd7 33. a5 Ne7 34. axb6 axb6 35. Rb3 Nc8 36. Ne4 Kg6 37. Ng3 Ra7 38. Nf5 Ra4 39. d6 Ra2+ 40. Ke3 Nxd6 41. Nxd6 Rxh2 42. Rxb6 f6 43. Ne4 1-0


[Site "https://www.chess.com"]

[Event "Titled Tuesday Blitz May 18 2021"]
[White "Cunjalo, Faris"]
[Black "De Silva, L M S T"]
[WhiteFideId "14410710"]
[BlackFideId "9953698"]
[WhiteElo "2234"]
[BlackElo "1621"]
[Result "1-0"]
[Round "09"]
[TimeControl "180+1"]
[Date "2021.05.18"]
[WhiteClock "0:00:18"]
[BlackClock "0:00:13"]

1. c4 e5 2. g3 Nf6 3. Bg2 d5 4. cxd5 Nxd5 5. Nf3 Nc6 6. O-O Nb6 7. b3 Be7 8. Bb2 Bf6 9. Nc3 Bf5 10. d3 Qd7 11. Ne4 Bxe4 12. dxe4 O-O 13. Qc2 Rfd8 14. Rfd1 Qe7 15. e3 h6 16. a3 a5 17. Ne1 Qe6 18. Bf1 a4 19. b4 Qb3 20. Rdc1 Rd6 21. Qe2 Rad8 22. Rc3 Rd2 23. Rxb3 Rxe2 24. Bxe2 axb3 25. Rb1 Na4 26. Nd3 Ra8 27. Ba1 b2 28. Bxb2 Nxb2 29. Rxb2 Rxa3 30. b5 Na5 31. Rc2 c6 32. bxc6 bxc6 33. Nc5 Be7 34. Nd7 Bd6 35. Rd2 Bc7 36. Nc5 Nb3 37. Nxb3 Rxb3 38. Rd7 Bb6 39. Bc4 Rb1+ 40. Kg2 Rb2 41. Rxf7 Kh7 42. Kh3 Bd8 43. f4 Bf6 44. Rf8 Rc2 45. Bg8+ Kg6 46. Bf7+ Kh7 47. f5 h5 48. Bg6+ Kh6 49. Rh8+ Kg5 50. Rxh5# 1-0


[Site "https://www.chess.com"]

[Event "Titled Tuesday Blitz May 18 2021"]
[White "Davtyan, Artur"]
[Black "Grandelius, Nils"]
[WhiteFideId "13308327"]
[BlackFideId "1710400"]
[WhiteElo "2311"]
[BlackElo "2651"]
[Result "1-0"]
[Round "09"]
[TimeControl "180+1"]
[Date "2021.05.18"]
[WhiteClock "0:00:12"]
[BlackClock "0:00:05"]

1. d4 d5 2. Nf3 e6 3. c4 a6 4. c5 b6 5. cxb6 c5 6. Nc3 Nd7 7. e4 dxe4 8. Nxe4 Qxb6 9. Bd3 Ngf6 10. O-O Bb7 11. Nxf6+ gxf6 12. Be3 cxd4 13. Bxd4 Bc5 14. Bxc5 Nxc5 15. Be2 Rd8 16. Qc1 Rg8 17. Qe3 Nd7 18. Qxb6 Nxb6 19. Rfd1 Nd5 20. g3 Nf4 21. Rxd8+ Kxd8 22. Kf1 Nxe2 23. Kxe2 Rg4 24. Rd1+ Kc7 25. Nd4 Re4+ 26. Kf1 Re5 27. b3 Rc5 28. Ke2 Be4 29. Ke3 Bg6 30. f4 e5 31. Ne2 Bh5 32. Rc1 Kc6 33. Rxc5+ Kxc5 34. Nc3 Bg6 35. a3 Bf5 36. Ne4+ Kc6 37. Nxf6 exf4+ 38. gxf4 Be6 39. b4 h6 40. Kd4 Kb5 41. Kc3 Ka4 42. Kb2 Kb5 43. Ne4 Kc4 44. f5 Bd5 45. Nf6 Bc6 46. Ng8 h5 47. Nf6 h4 48. Ng4 Kd4 49. f6 Bd7 50. Nh6 Be6 51. a4 Kc4 52. Ka3 Kd4 53. Ng8 Ke5 54. b5 axb5 55. a5 Bd5 56. Kb4 Bc4 57. Kc5 Be2 58. a6 b4 59. a7 Bf3 60. Kxb4 Kf5 61. Kc5 Kg6 62. Ne7+ Kxf6 63. Nd5+ Ke5 64. a8=Q 1-0


[Site "https://www.chess.com"]

[Event "Titled Tuesday Blitz May 18 2021"]
[White "Dubov, Daniil"]
[Black "Triapishko, Alexandr"]
[WhiteFideId "24126055"]
[BlackFideId "14122286"]
[WhiteElo "2722"]
[BlackElo "2490"]
[Result "1-0"]
[Round "09"]
[TimeControl "180+1"]
[Date "2021.05.18"]
[WhiteClock "0:00:07"]
[BlackClock "0:00:01"]

1. e4 c6 2. d4 d5 3. e5 Bf5 4. Nf3 e6 5. Be2 Ne7 6. Nbd2 c5 7. dxc5 Nec6 8. Nb3 Nd7 9. Be3 Be7 10. O-O Bg4 11. Nfd4 Bxe2 12. Qxe2 Ncxe5 13. Bf4 Ng6 14. Bg3 Rc8 15. Nb5 O-O 16. Nd6 Bxd6 17. Bxd6 Re8 18. c4 b6 19. cxb6 Nxb6 20. c5 Nc4 21. Bg3 a5 22. Rac1 a4 23. Nd4 e5 24. Nf5 Qf6 25. Ne3 Rxc5 26. Nxd5 Rxd5 27. Rxc4 Qb6 28. Rxa4 h6 29. h4 Red8 30. h5 Ne7 31. Bxe5 Qb5 32. Qxb5 Rxb5 33. Re1 Nc6 34. Bc3 Rxh5 35. Rg4 Rg5 36. Rxg5 hxg5 37. g4 f6 38. Re4 Kf7 39. Rc4 Rc8 40. a4 Ke6 41. b4 Kd5 42. Rc5+ Kd6 43. Kf1 Re8 44. Rc4 Kd5 45. Rc5+ Kd6 46. Rb5 Re4 47. Rb6 Kc7 48. a5 Rc4 49. Bd2 Rxg4 50. b5 1-0


[Site "https://www.chess.com"]